 Dungeon Crawl Stone Soup version 0.28.0-49-g6dfe1f597d (webtiles) character file.

Game seed: 6809697544683539779

74 bnorton916 the Magician (level 4, -7/24 HPs)
             Began as a Deep Elf Fire Elementalist on May 19, 2022.
             Mangled by Grinder (9 damage)
             ... on level 3 of the Dungeon.
             The game lasted 00:04:17 (2695 turns).

bnorton916 the Magician (DEFE)                      Turns: 2695, Time: 00:04:18

Health: -7/24      AC:  3    Str:  5    XL:     4   Next: 10%
Magic:  8/12       EV: 12    Int: 22    God:
Gold:   107        SH:  0    Dex: 15    Spells: 10/11 levels left

rFire   . . .      SeeInvis .   (no weapon)
rCold   . . .      Faith    .   (no shield)
rNeg    . . .      Spirit   .   a - +0 robe
rPois   .          Reflect  .   (no helmet)
rElec   .          Harm     .   g - scarf {shadows}
rCorr   .          Rampage  .   (no gloves)
Will    .....                   l - +0 pair of boots
Stlth   ++........              (no amulet)
HPRegen 0.08/turn               (no ring)
MPRegen 0.13/turn               (no ring)

@: no status effects
A: no striking features
a: no special abilities


You were on level 3 of the Dungeon.
You visited 1 branch of the dungeon, and saw 3 of its levels.

You collected 107 gold pieces.

Inventory:

Hand Weapons
 b - a +1 dagger of speed
Armour
 a - a +0 robe (worn)
 g - a scarf of shadows (worn)
 l - a +0 pair of boots (worn)
Scrolls
 e - 2 scrolls of magic mapping {unknown}
 f - 3 scrolls of identify {unknown}
 h - a scroll of fear {unknown}
 j - a scroll of teleportation {unknown}
Potions
 c - a potion of haste {unknown}
 d - a potion of heal wounds {unknown}
 i - a potion of curing {unknown}
 k - 3 potions of ambrosia {unknown}


   Skills:
 - Level 2.4 Dodging
 - Level 2.4 Stealth
 + Level 4.2 Spellcasting
 + Level 2.6 Conjurations
 + Level 4.1 Fire Magic


You had 10 spell levels left.
You knew the following spells:

 Your Spells              Type           Power      Damage    Failure   Level
a - Foxfire               Conj/Fire      76%        2x1d7     2%          1

Your spell library contained the following spells:

 Spells                   Type           Power      Damage    Failure   Level
 Magic Dart               Conj           64%        1d6       3%          1
 Scorch                   Fire           44%        2d7       3%          2
 Searing Ray              Conj           32%        2d5       5%          2
 Conjure Flame            Conj/Fire      19%        6-21      9%          3
 Inner Flame              Hex/Fire       13%        N/A       14%         3
 Flame Wave               Conj/Fire      19%        2d6       26%         4
 Fulminant Prism          Conj/Hex       5%         3d7       54%         4
 Animate Dead             Necr           2%         N/A       73%         4
 Borgnjor's Vile Clutch   Necr/Erth      2%         N/A       97%         5
 Death Channel            Necr           2%         N/A       100%        6


Dungeon Overview and Level Annotations

Branches:
Dungeon (3/15)

Altars:
Sif Muna

Annotations:
D:3 Grinder


Message History

Done waiting.
Really walk into that teleport trap?
You enter a teleport trap!
The teleport trap disappears.
Your surroundings suddenly seem different.
Grinder is nearby!
Casting: Foxfire (safe; 2% risk of failure)
Confirm with . or Enter, or press ? or * to list all spells.
You conjure some foxfire!
The foxfire hits Grinder.
Grinder is lightly wounded.
The foxfire hits Grinder.
Grinder is lightly wounded.
Grinder gestures at you. Pain shoots through your body!
Ouch! That really hurt!
Casting: Foxfire (safe; 2% risk of failure)
Confirm with . or Enter, or press ? or * to list all spells.
You conjure some foxfire!
Grinder hits you.
You writhe in agony.
* * * LOW HITPOINT WARNING * * *
The foxfire hits Grinder.
Grinder is moderately wounded.
The foxfire hits Grinder.
Grinder is moderately wounded.
Grinder barely misses you.
Unknown command.
Casting: Foxfire (safe; 2% risk of failure)
Confirm with . or Enter, or press ? or * to list all spells.
You conjure some foxfire!
Grinder closely misses you.
The foxfire hits Grinder.
Grinder is moderately wounded.
The foxfire hits Grinder!
Grinder is heavily wounded.
Grinder hits you.
* * * LOW HITPOINT WARNING * * *
You writhe in agony.
* * * LOW HITPOINT WARNING * * *
Casting: Foxfire (safe; 2% risk of failure)
Confirm with . or Enter, or press ? or * to list all spells.
You conjure some foxfire!
Grinder hits you!
You die...

#...........# #.# #
#.##.####.### #)# #
#.##.####.# #.# #
####.........#######.###
#.......)..####........##.
######.##.>####.#########.
######..........# #.
#...#####5v###### #.
#......##@v# #.
#...#...ยงยงยง###### ##
##.##.#.........# #
#.##...##.####.# #
#.####.##.# #.# # #.#
#.##.# #.#### ##
#.####.##.# #....# #.
#....#.##.# ####.# #.
####......##.#######.# ##.


You could see Grinder (ally target).

Vanquished Creatures
  4 adders
  A dart slug (D:3)
  4 orcs (D:3)
  3 ball pythons (D:3)
  An endoplasm (D:3)
  3 giant cockroaches
  2 goblins
  A hobgoblin (D:2)
  3 quokkas
  3 bats (D:1)
  4 kobolds
  2 rats
31 creatures vanquished.

Vanquished Creatures (others)
  147 foxfires
147 creatures vanquished.

Grand Total: 178 creatures vanquished

Notes
Turn   | Place    | Note
-------+----------+-------------------------------------------
     0 | D:1      | bnorton916 the Deep Elf Fire Elementalist began the quest
                  | for the Orb.
     0 | D:1      | Reached XP level 1. HP: 10/10 MP: 6/6
   533 | D:1      | Reached XP level 2. HP: 15/15 MP: 6/8
   928 | D:2      | Found a faded altar of an unknown god.
  1121 | D:2      | Reached XP level 3. HP: 19/19 MP: 8/10
  1685 | D:3      | Noticed Grinder
  2240 | D:3      | Reached XP level 4. HP: 24/24 MP: 7/12
  2488 | D:3      | Found a shimmering blue altar of Sif Muna.
  2695 | D:3      | Mangled by Grinder

Illustrated notes

Levels and vault maps discovered:
D:1:      dpeg_arrival_another_circle, layout_basic
D:2:      layout_loops_ring, serial_glass, glass_columns_a, glass_columns_c,
          due_unseen_surprise, feat_on_display, minmay_strange_pillars,
          ebering_ecumenical_altar_abandoned, minmay_crystal_room, minivault_24
D:3:      layout_loops_ring, lemuel_tele_altar, uniq_grinder

Skill      XL: |  1  2  3 |
---------------+----------+-----
Conjurations   | 2 |  2.6
Spellcasting   | 4 |  4.2
Fire Magic     | 4 |  4.1
Dodging        | |  2.4
Stealth        | |  2.4

Action                   |  1- 3 |  4- 6 || total
-------------------------+-------+-------++-------
 Cast: Foxfire           |    76 |    14 ||    90
Armor: Robe              |     5 |       ||     5
Dodge: Dodged            |     8 |     3 ||    11
